AoeStats
← 185双开门

Arena

507686519Analyzed
4v4 RM · 13d ago on Sep 19, 2026· 37m 10s· 8 players
Game mode
Random Map
Map size
Large (8 player)
Population
200
Speed
Normal
Resources
Standard
Victory
Conquest
Starting age
Dark Age
Ending age
Imperial Age
RankedLock teamsTeams togetherTeam positionsShared explorationLock speedFull tech treeHidden civsTurbo modeCheats
Victory
Defeat
🇨🇳 Mapuche · China
1570
+13
🇨🇳 Byzantines · China
1492
+17
🇨🇳 Gurjaras · China
1477
+17
🇨🇳 Mongols · China
1384
+22
🇨🇳 Magyars · China
1569
-20
🇺🇸 Britons · United States
1496
-17
🇺🇸 Japanese · United States
1488
-16
🇨🇳 Burgundians · China
1467
-16
Darth Yoda
10:41 Feudal Age
14:41 Castle Age
12:51 Double-Bit Axe
13:34 Horse Collar
15:42 Bow Saw
14:57 Man-at-Arms
17:16 Long Swordsman
18:32 Gold Mining
19:53 Scale Mail Armor
24:20 Wheelbarrow
24:01 Chain Mail Armor
25:28 Squires
28:59 Hand Cart
28:45 Loom
34:22 Imperial Age
31:21 Pikeman
33:21 Forging
33:20 Fletching
33:26 Town Watch
34:23 Halberdier
35:35 Plate Mail Armor
36:13 Gold Shaft Mining
36:20 Iron Casting
Eat_Rice
10:49 Feudal Age
15:20 Castle Age
14:06 Double-Bit Axe
16:27 Bow Saw
20:07 Fletching
20:13 Gold Mining
22:59 Bodkin Arrow
23:45 Ballistics
27:16 Gold Shaft Mining
27:01 Stone Mining
28:10 Wheelbarrow
27:21 Loom
30:59 Imperial Age
29:48 Horse Collar
30:32 Padded Archer Armor
31:02 Hand Cart
31:59 Bracer
33:02 Two-Man Saw
33:14 Chemistry
33:26 Elite Longbowman
35:49 Leather Archer Armor
谢por
11:03 Feudal Age
14:56 Castle Age
13:56 Double-Bit Axe
19:53 Horse Collar
23:18 Cavalier
24:28 Heavy Plow
24:39 Bow Saw
25:04 Husbandry
26:01 Gold Mining
27:18 Wheelbarrow
27:41 Scale Barding Armor
31:39 Imperial Age
29:32 Fortified Wall
29:56 Hand Cart
30:30 Chain Barding Armor
30:03 Town Watch
30:04 Loom
31:16 Forging
32:25 Two-Man Saw
31:56 Crop Rotation
32:40 Iron Casting
31:56 Paladin
34:09 Plate Barding Armor
36:10 Blast Furnace
喜足天
11:12 Feudal Age
12:54 Loom
15:33 Castle Age
13:59 Double-Bit Axe
14:17 Horse Collar
15:50 Gold Mining
18:14 Wheelbarrow
23:04 Scale Barding Armor
25:36 Chain Barding Armor
25:22 Fletching
28:21 Hand Cart
31:01 Bodkin Arrow
33:09 Town Watch
35:28 Padded Archer Armor
35:54 Thumb Ring
给你一棒槌
10:54 Feudal Age
12:09 Double-Bit Axe
14:31 Castle Age
12:55 Horse Collar
15:43 Bow Saw
20:58 Gold Mining
23:15 Scale Barding Armor
24:32 Chain Barding Armor
24:42 Bloodlines
29:59 Forging
35:21 Imperial Age
34:09 Iron Casting
34:38 Wheelbarrow
34:27 Kshatriyas
35:04 Gold Shaft Mining
37:02 Plate Barding Armor
36:23 Heavy Camel Rider
37:10 Loom
37:41 Hand Cart
37:11 Town Watch
37:38 Husbandry
shenxu
10:31 Feudal Age
11:40 Double-Bit Axe
14:26 Castle Age
12:37 Horse Collar
15:43 Bow Saw
15:35 Heavy Plow
15:43 Heavy Plow
16:23 Wheelbarrow
19:03 Loom
27:54 Imperial Age
27:14 Hand Cart
27:16 Gold Mining
27:17 Stone Mining
27:37 Fletching
28:18 Malon
28:52 Butalmapu
28:49 Elite Bolas Rider
29:26 Bodkin Arrow
30:23 Crop Rotation
29:18 Pikeman
29:23 Elite Skirmisher
30:10 Padded Archer Armor
30:06 Town Watch
30:47 Ballistics
31:14 Leather Archer Armor
31:47 Conscription
32:25 Ring Archer Armor
33:47 Chemistry
32:54 Siege Engineers
33:43 Capped Ram
33:52 Capped Ram
37:16 Hoardings
雀巢阿帆
10:56 Feudal Age
15:06 Castle Age
13:19 Double-Bit Axe
13:47 Horse Collar
16:26 Bow Saw
23:55 Heavy Plow
24:32 Loom
27:49 Wheelbarrow
30:01 Imperial Age
27:35 Gold Mining
29:10 Fletching
29:20 Padded Archer Armor
30:10 Treadmill Crane
30:28 Bodkin Arrow
30:48 Leather Archer Armor
31:58 Chemistry
31:23 Bracer
31:11 Elite Skirmisher
31:57 Thumb Ring
32:55 Ring Archer Armor
33:54 Ballistics
35:18 Gold Shaft Mining
36:31 Squires
35:51 Pikeman
37:23 Bombard Tower
37:19 Stone Mining
185双开门
10:17 Feudal Age
11:46 Double-Bit Axe
14:34 Castle Age
12:42 Horse Collar
15:48 Wheelbarrow
15:25 Bow Saw
16:14 Heavy Plow
22:54 Loom
23:25 Hand Cart
23:10 Gold Mining
25:37 Bloodlines
25:27 Husbandry
25:44 Town Watch
26:08 Stone Mining
26:53 Gold Shaft Mining
27:26 Stone Shaft Mining
27:26 Gold Shaft Mining
27:59 Scale Barding Armor
28:05 Forging
29:34 Chain Barding Armor
30:16 Iron Casting
30:29 Gold Shaft Mining
33:02 Imperial Age
33:28 Elite Steppe Lancer
35:09 Blast Furnace
34:34 Conscription
34:34 Drill
33:36 Capped Ram
34:53 Siege Engineers
34:44 Murder Holes
34:41 Fletching
34:37 Siege Ram
34:45 Light Cavalry
35:27 Town Patrol
36:02 Hussar
Connection lost

Rejoining the realm…

Still unreachable

The connection could not be restored.

Session expired

The server has moved on; the page needs a fresh start.